 Dungeon Crawl Stone Soup version 0.20-a0-464-g526fb3c (webtiles) character file.

2766 Amnesiac the Jinx (level 9, -2/57 HPs)
             Began as a Mummy Enchanter on Jan 11, 2017.
             Was an Initiate of Gozag.
             Slain by an orc warrior
             ... wielding a +0 spear
              (12 damage)
             ... in a bailey.
             The game lasted 00:21:48 (10777 turns).

Amnesiac the Jinx (Mummy Enchanter)                Turns: 10777, Time: 00:21:48

Health: -2/57      AC:  6    Str: 12    XL:     9   Next: 42%
Magic:  22/22      EV: 10    Int: 14    God:    Gozag
Gold:   1298       SH:  0    Dex: 15    Spells: 15/27 levels left

rFire  x . .     SeeInvis .     n - +0 halberd
rCold  + . .     Gourm    .     e - +0 ring mail
rNeg   + + +     Faith    .     (shield currently unavailable)
rPois  ∞         Spirit   .     (no helmet)
rElec  .         Reflect  .     k - +0 cloak
rCorr  .         Harm     .     (no gloves)
MR     +....                    (no boots)
Stlth  +.........               (no amulet)
                                (no ring)
                                m - ring of wizardry

@: no status effects
A: no food or potions, fire vulnerability, cold resistance 1, negative energy
resistance 3, torment resistance, unbreathing
a: Potion Petition, Call Merchant, Bribe Branch, Renounce Religion


You were in a bailey.
You worshipped Gozag.
Gozag was most pleased with you.
You were not hungry.

You visited 2 branches of the dungeon, and saw 8 of its levels.
You also visited: Bailey.

You collected 1415 gold pieces.
You paid 117 gold pieces to Gozag.

Inventory:

Hand Weapons
 a - a +1 dagger
 i - a +2 quarterstaff of protection
 n - a +0 halberd (weapon)
Missiles
 s - a throwing net (quivered)
Armour
 b - a +0 robe
 d - a +0 buckler
 e - a +0 ring mail (worn)
 k - a +0 cloak (worn)
Jewellery
 m - a ring of wizardry (left hand)
 w - a +3 ring of evasion {unknown}
Wands
 g - a wand of iceblast (6/15)
 x - a wand of iceblast (7/15)
Scrolls
 f - 2 scrolls of fog
 h - 3 scrolls of remove curse
 j - 3 scrolls of teleportation
 l - a scroll of immolation
 o - a scroll of amnesia
 p - a scroll of enchant weapon
 q - a scroll of blinking {unknown}
 r - a scroll of enchant armour
 t - a scroll of recharging {unknown}
 u - a scroll of fear {unknown}
 v - a scroll of identify
Books
 c - a book of Maledictions

   Spells                             Type                      Level
   a - Corona                         Hexes                        1
   b - Ensorcelled Hibernation        Hexes/Ice                    2
   c - Confuse                        Hexes                        3
   d - Tukima's Dance                 Hexes                        3
   e - Dazzling Spray                 Conjuration/Hexes            3


   Skills:
 - Level 0.7 Short Blades
 - Level 1.5 Dodging
 - Level 2.4 Stealth
 + Level 9.5 Spellcasting
 * Level 10.0 Hexes


You had 15 spell levels left.
You knew the following spells:

 Your Spells              Type           Power        Failure   Level  Hunger
a - Dazzling Spray        Conj/Hex       ###...       4%          3    N/A
b - Ensorcelled Hibernat  Hex/Ice        ###...       2%          2    N/A
e - Confuse               Hex            ####....     1%          3    N/A
f - Corona                Hex            ####...      1%          1    N/A
w - Tukima's Dance        Hex            ####....     1%          3    N/A

Dungeon Overview and Level Annotations

Branches:
Dungeon (7/15)             Temple (1/1) D:5

Altars:
Ashenzari
Cheibriados
Dithmenos
Elyvilon
Fedhas
Gozag
Hepliaklqana
Kikubaaqudgha
Makhleb
Nemelex Xobeh
Okawaru
Qazlal
Ru
Sif Muna
Trog
Uskayaw
Vehumet
Xom
Yredelemnul
Zin
The Shining One


Innate Abilities, Weirdness & Mutations

You do not eat or drink.
Your flesh is vulnerable to fire.
You are immune to poison.
Your flesh is cold resistant. (rC+)
You are immune to negative energy. (rN+++)
You are immune to unholy pain and torment.
You can survive without breathing.


Message History

The orc warrior hits itself with a spear!
You hit the orc warrior.
The orc warrior is severely wounded.
The orc warrior hits you with a spear!
You catch the helpless orc warrior completely off-guard!
You hit the orc warrior but do no damage.
The orc warrior is heavily wounded.
You catch the helpless orc warrior completely off-guard!
You slash the orc warrior!
The orc warrior is almost dead.
The orc warrior hits you with a spear!
Your ring mail prevents you from hitting the orc warrior.
The orc warrior is almost dead.
The orc warrior seems less confused.
The orc warrior hits you with a spear!
* * * LOW HITPOINT WARNING * * *
You hit the orc warrior.
The orc warrior is almost dead.
The orc warrior hits you with a spear!
You die...
Your body crumbles into a pile of gold.

...≈≈≈≈≈≈≈≈## #≈≈≈≈≈≈≈≈≈≈≈.
...≈≈≈≈≈≈≈≈# #≈≈##≈≈≈≈≈≈≈.
...≈≈≈≈≈≈≈## ###≈##≈≈≈≈≈≈≈.
...≈≈≈≈≈≈≈# #)'≈##≈≈≈≈≈≈≈.
...≈≈≈≈≈≈≈# ###≈##(≈≈≈≈≈≈.
...≈≈≈≈≈≈≈# #.'≈##≈≈≈≈≈≈≈.
...≈≈≈≈≈≈≈## #######≈##≈≈≈≈≈≈≈.
...≈≈≈≈≈≈≈≈#≈ #o#.##≈≈#≈≈≈≈≈≈≈≈.
...≈≈≈≈≈≈≈≈##≈≈#@#'#≈≈##≈≈≈≈≈≈≈≈.
...≈≈≈≈≈≈≈≈≈##≈≈≈≈≈≈≈##≈≈≈≈≈≈≈≈≈.
...≈≈≈≈≈≈≈≈≈≈#########≈≈≈≈≈≈≈≈≈≈.
...≈≈#.#≈≈≈≈≈≈≈≈###≈≈≈≈≈≈≈≈#.#≈≈.
...≈##.##≈≈≈≈≈≈≈≈≈≈≈≈≈≈≈≈≈##.##≈.
...≈..^..≈≈≈≈≈≈)≈≈≈≈≈≈≈≈≈≈..^..≈.
...≈##.##≈≈≈≈≈≈≈≈≈≈≈≈≈≈)≈≈##.##≈.
...≈≈#.#≈≈≈≈≈≈≈≈≈≈≈≈≈≈≈≈≈≈≈#.#≈≈.
...≈≈≈≈≈≈≈≈≈≈≈≈≈≈≈≈≈≈≈≈≈≈≈≈≈≈≈≈≈.


You could see an orc warrior.

Vanquished Creatures
  Grinder (D:6)
  2 phantoms
  An ice beast (D:4)
  6 orc warriors (Bailey)
  6 ogres
  A centaur (D:5)
  4 big kobolds (D:3)
  2 scorpions
  A crimson imp (D:7)
  2 bullfrog skeletons
  A hound (D:4)
  An orc priest (D:6)
  An orc wizard (D:4)
  2 iguanas
  A gnoll shaman (D:5)
  6 worker ants
  2 hound skeletons
  9 gnolls
  12 adders
  2 oozes
  An adder zombie (D:5)
  4 worms
  3 dart slugs
  6 leopard geckos
  27 orcs
  A ball python (D:1)
  10 bats
  3 giant cockroaches
  7 goblins
  9 hobgoblins
  16 jackals
  46 kobolds
  2 quokkas (D:3)
  4 frilled lizards
  7 rats
209 creatures vanquished.

Vanquished Creatures (collateral kills)
  An ogre (D:6)
1 creature vanquished.

Vanquished Creatures (others)
  3 dancing weapons
3 creatures vanquished.

Grand Total: 213 creatures vanquished

Notes
Turn   | Place    | Note
-------+----------+-------------------------------------------
     0 | D:1      | Amnesiac the Mummy Enchanter began the quest for the Orb.
     0 | D:1      | Reached XP level 1. HP: 13/13 MP: 4/4
    33 | D:2      | Reached skill level 3 in Hexes
    33 | D:2      | Reached XP level 2. HP: 3/19 MP: 3/6
   406 | D:3      | Found a faded altar of an unknown god.
   961 | D:3      | Reached XP level 3. HP: 17/24 MP: 7/7
   966 | D:3      | Learned a level 3 spell: Confuse
   970 | D:3      | Learned a level 3 spell: Tukima's Dance
  1688 | D:4      | Noticed an ice beast
  2098 | D:4      | Reached XP level 4. HP: 24/30 MP: 1/9
  2258 | D:4      | Reached skill level 4 in Hexes
  2483 | D:4      | Noticed an ogre
  2504 | D:4      | Killed an ogre
  2504 | D:4      | Reached XP level 5. HP: 25/35 MP: 2/12
  2512 | D:4      | Reached skill level 5 in Hexes
  2950 | D:4      | Reached skill level 5 in Spellcasting
  2950 | D:4      | Reached XP level 6. HP: 30/41 MP: 8/13
  2989 | D:4      | Learned a level 3 spell: Dazzling Spray
  2992 | D:4      | Learned a level 2 spell: Ensorcelled Hibernation
  3020 | D:4      | Killed an ice beast
  3644 | D:5      | Entered Level 5 of the Dungeon
  3664 | D:5      | Reached skill level 6 in Hexes
  3664 | D:5      | Reached XP level 7. HP: 46/46 MP: 12/15
  3743 | D:5      | Found a staircase to the Ecumenical Temple.
  3762 | Temple   | Entered the Ecumenical Temple
  4623 | D:5      | Reached skill level 7 in Hexes
  5056 | Temple   | Became a worshipper of Gozag Ym Sagoz the Greedy
  7216 | D:3      | Reached XP level 8. HP: 40/52 MP: 15/18
  7809 | D:3      | Reached skill level 8 in Hexes
  8435 | D:6      | Found a shadowy altar of Dithmenos.
  9128 | D:6      | Noticed Grinder
  9139 | D:6      | Reached skill level 9 in Hexes
  9146 | D:6      | Paralysed by Grinder for 4 turns
  9180 | D:6      | Killed Grinder
  9180 | D:6      | Reached XP level 9. HP: 29/57 MP: 13/21
  9854 | D:7      | Found a flagged portal.
  9865 | Bailey   | Entered a bailey
 10742 | Bailey   | Reached skill level 10 in Hexes
 10777 | Bailey   | Slain by an orc warrior

Vault maps used:
D:1:      dpeg_arrival_rhombus, kennysheep_decorative_pillar
D:2:      minmay_misc_feat_x
D:3:      minmay_goblin_kobold_castle, chequers_ecumenical_altar_simple,
          first_bread
D:4:      minmay_box_of_dots
D:5:      cheibrodos_quashed
D:6:      nicolae_dithmenos_through_a_glass_darkly, uniq_grinder
D:7:      enter_bailey_8, hangedman_decor_peaks_small, st_stairs_6
Temple:   compressed_dpeg_triangle_lava_temple
Bailey:   bailey_polearm_2, bailey

Skill      XL: |  1  2  3  4  5  6  7  8  9 |
---------------+----------------------------+-----
Spellcasting   | 3 4 5 7 8 9 |  9.5
Hexes          | 3 4 5 6 7 9 10 | 10.0
Short Blades   | |  0.7
Dodging        | |  1.5
Stealth        | |  2.4

Action                   |  1- 3 |  4- 6 |  7- 9 || total
-------------------------+-------+-------+-------++-------
Melee: Dagger            |    67 |       |       ||    67
       Trident           |     4 |     3 |       ||     7
       Quarterstaff      |       |   102 |    33 ||   135
       Halberd           |       |       |   685 ||   685
 Cast: Corona            |     8 |       |    61 ||    69
       Confuse           |     9 |    16 |    83 ||   108
       Tukima's Dance    |     4 |     1 |     5 ||    10
       Dazzling Spray    |       |       |     1 ||     1
  Use: Scroll            |       |       |    11 ||    11
 Stab: Sleeping          |     6 |       |     2 ||     8
       Confused          |     3 |     4 |    39 ||    46
       Distracted        |       |       |     2 ||     2
       Invisible         |       |       |     1 ||     1
Armor: Robe              |    11 |    15 |       ||    26
       Ring mail         |       |    14 |   349 ||   363
Dodge: Dodged            |    41 |    54 |   487 ||   582
